[Event "Chinese League Division-A 2024"]
[Site "Fuling Chongqing"]
[Date "2024.07.01"]
[Round "5.15"]
[White "Li, Xueyi"]
[Black "Zhang, Lanlin"]
[Result "1/2-1/2"]
[ECO "D35"]
[WhiteElo "2209"]
[BlackElo "2161"]
[Annotator "TA"]
[PlyCount "64"]
[EventDate "2024.06.28"]
[EventType "team-tourn"]
[EventCountry "CHN"]
[SourceTitle "playchess.com"]
[Source "ChessBase"]
[SourceQuality "1"]
[TimeControl "40/5400+30:1800+30"]

1. d4 Nf6 2. c4 e6 3. Nf3 d5 4. Nc3 Be7 5. cxd5 exd5 6. Bf4 O-O 7. h3 Ne4 8. e3 Nxc3 9. bxc3 {[%emt 0:00:07] White is slightly better.} Bf5 10. Bd3 Bxd3 11. Qxd3 Nd7 12. Rb1 Nb6 13. O-O Re8 14. Rfe1 Bd6 15. Ng5 (15. Bxd6 {simplifies} Qxd6 16. Rb3 c6 17. Reb1) 15... g6 16. Nf3 Bxf4 17. exf4 Qd6 18. f5 Rxe1+ 19. Rxe1 Nc4 20. fxg6 hxg6 21. Nh2 Kf8 {[%emt 0:03:09] The position is equal.} 22. Qb1 b6 23. Qc1 {[%emt 0:02:15] [#] Ng4 is the strong threat.} Kg7 24. Ng4 Rh8 {[%emt 0:01:33] Against Qh6+} 25. Ne3 Nxe3 26. Qxe3 $11 {[%emt 0:00:32][%mdl 4096] Endgame. KQR-KQR} a5 27. f4 Qf6 28. Rf1 Qe6 29. Qxe6 fxe6 30. Kf2 Kf7 31. Ke3 Rh4 32. Rh1 Rh8 {[%emt 0:00:11] Weighted Error Value: White=0.03 (flawless) /Black=0.03 (flawless) .  Inaccurate:     	---       	Black=2      OK:         	White=11    	Black=11     Best:        	---       	Black=2} 1/2-1/2

[Event "Chinese League Division-A 2024"]
[Site "Fuling Chongqing"]
[Date "2024.07.01"]
[Round "5.16"]
[White "Chen, Yuan"]
[Black "Wang, Yue"]
[Result "1-0"]
[ECO "E15"]
[WhiteElo "2294"]
[BlackElo "2652"]
[Annotator "RC"]
[PlyCount "155"]
[EventDate "2024.06.28"]
[EventType "team-tourn"]
[EventCountry "CHN"]
[SourceTitle "playchess.com"]
[Source "ChessBase"]
[SourceQuality "1"]
[TimeControl "40/5400+30:1800+30"]

1. d4 Nf6 2. c4 e6 3. Nf3 b6 4. g3 Ba6 5. Qc2 Bb4+ 6. Nbd2 Bb7 7. Bg2 Be4 8. Qd1 O-O 9. O-O Bxd2 10. Nxd2 Bxg2 11. Kxg2 Qc8 12. e4 Qb7 13. Qf3 Nc6 14. Nb3 a5 15. a4 d6 16. Bd2 e5 17. d5 Nb8 18. g4 Na6 19. g5 Nd7 20. Kh1 c6 21. Rg1 cxd5 22. cxd5 Ndc5 23. Nxc5 Nxc5 24. Rg4 Qd7 25. Rh4 g6 26. Rg1 Ra7 27. Rgg4 f5 28. gxf6 Qf7 29. Bg5 Nd7 30. Rg1 Nxf6 31. Bh6 Nd7 32. Qg2 Re8 33. Be3 Nc5 34. Rg4 Rf8 35. h4 Nd3 36. Rf1 Qf6 37. f3 Kh8 38. Qd2 Nc5 39. Qg2 Raf7 40. Bh6 Re8 41. f4 Nd3 42. f5 Nf4 43. Bxf4 exf4 44. fxg6 hxg6 45. Rgxf4 Qxf4 46. Rxf4 Rxf4 47. Qg5 Rf1+ 48. Kh2 Kg7 49. h5 Rf6 50. h6+ Kf7 51. Qg4 Re7 52. Qh4 Re8 53. Qg4 Rd8 54. Qg5 Rf8 55. e5 dxe5 56. Qxe5 Re8 57. Qc7+ Re7 58. Qc4 Kf8 59. d6 Re8 60. Qc7 Re2+ 61. Kg3 Rfe6 62. Qg7+ Ke8 63. Qg8+ Kd7 64. h7 R6e3+ 65. Kf4 Re4+ 66. Kg5 Rg2+ 67. Kf6 Rf2+ 68. Kg7 Rh2 69. h8=Q Rxh8 70. Qxh8 Re6 71. Kf7 Rxd6 72. Qb8 Rc6 73. Qb7+ Kd6 74. Kxg6 Kc5+ 75. Kf5 Rd6 76. Ke5 Rd3 77. Qc7+ Kb4 78. Qc6 1-0

[Event "Chinese League Division-A 2024"]
[Site "Fuling Chongqing"]
[Date "2024.07.01"]
[Round "5.17"]
[White "Dai, Changren"]
[Black "Lu, Shanglei"]
[Result "1/2-1/2"]
[ECO "B45"]
[WhiteElo "2502"]
[BlackElo "2606"]
[Annotator "TA"]
[PlyCount "60"]
[EventDate "2024.06.28"]
[EventType "team-tourn"]
[EventCountry "CHN"]
[SourceTitle "playchess.com"]
[Source "ChessBase"]
[SourceQuality "1"]
[TimeControl "40/5400+30:1800+30"]

1. e4 c5 2. Nf3 e6 3. d4 cxd4 4. Nxd4 Nf6 5. Nc3 Nc6 6. Nxc6 bxc6 7. e5 Nd5 8. Ne4 Qc7 9. f4 Qb6 10. a3 (10. c4 {keeps more tension.} Bb4+ 11. Ke2 f5 12. exf6 Nxf6 13. Be3) 10... Ne3 11. Qd3 Nxf1 12. Rxf1 {[%emt 0:00:06] White has an edge.} Ba6 13. c4 f5 (13... Qa5+ {simplifies} 14. Ke2 f5 15. Nd6+ Bxd6 16. exd6 Qd8) 14. exf6 d5 15. f7+ Kxf7 16. f5 h6 {[%emt 0:12:39][%cal Oa6c4] [#] aiming for ...Bxc4!} (16... dxe4 $2 17. Qd7+ Be7 18. fxe6+ Kg8 19. Qxe7 $18) 17. Be3 Qb7 (17... Qa5+ $11 18. Qd2 Qxd2+ 19. Nxd2 e5 (19... dxc4 20. Rc1 $15)) 18. fxe6+ {[%emt 0:07:20] Black is weak on the dark squares} Kg8 19. Rf7 (19. Qc3 $16 Qc8 (19... dxe4 $2 20. Rd1 $18) 20. O-O-O Qxe6 21. Nc5 Bxc5 22. Bxc5) 19... dxe4 $11 20. Qxe4 (20. Qc2 $5 Qb8 $8 21. Qxe4 $11 (21. O-O-O $2 Qe5 $19)) 20... Qb3 (20... Qxb2 $2 21. Bd4 Qb8 22. Qg6 $18 (22. Qxc6 Qd8 $16)) 21. Rc1 {[%emt 0:01:41] Hoping for Bd4. Really sharp!} Qxb2 22. Qxc6 Qe5 23. Kf2 {[%emt 0:02:16] Active counter play!} (23. Qxa8 Qxe3+ 24. Kd1 Qd3+ (24... Qxa3 $2 25. Qd5 $18) 25. Ke1 Qe3+ (25... Qxa3 26. Kd2 $11) 26. Kd1 Qd4+ (26... Qxa3 $2 27. Qd5 $18) 27. Ke1 Qe3+ $11) (23. Rf3 $1 $14 Rb8 (23... Qa5+ $2 24. Kf2 $18) 24. Qxa6) 23... Rb8 {[%emt 0:03:35] And now ...Rb2+ would win.} (23... Qb2+ $2 24. Kf1 Rd8 25. e7 (25. Qxa6 Qxa3 26. Qxa3 Bxa3 $18) 25... Bxe7 26. Rxe7 $18) 24. Qxa6 {[%emt 0:02:46] Re1 is the strong threat.} Rb2+ 25. Kf3 Kh7 {[%emt 0:00:54] White must now prevent ...Qh5+.} 26. Qc6 (26. Rxa7 Qf5+ 27. Bf4 Rb3+ 28. Ke2 Qxf4 29. Qa5 Re3+ (29... Qxc1 30. Qf5+ Kg8 31. Qf7+ Kh7 32. Qf5+ Kg8 33. Qf7+ Kh7 34. Qf5+ $11) 30. Kd1 Qf1+ (30... Bxa3 31. Rxg7+ Kxg7 32. Qa7+ Kg6 33. Qf7+ Qxf7 34. exf7 Rd8+ 35. Kc2 Bxc1 36. Kxc1 Re2 37. h3 Rxg2 38. h4 Kxf7 39. h5 Ra8 40. Kb1 Re8 41. c5 Re1#) 31. Kc2 Qxc4+) 26... Qh5+ 27. Kg3 $2 ({White must play} 27. Ke4 $11 Bxa3 28. Rxg7+ (28. Bxa7 $2 {loses.} Qg4+ 29. Ke3 Qg5+ 30. Rf4 Rb3+ 31. Kf2 Qxf4+ $19) (28. Rxa7 $2 {is the wrong capture.} Qg6+ 29. Ke5 Qf6+ 30. Ke4 Rb3 $19) 28... Kxg7 29. Qc7+ (29. Bd4+ $2 Kg6 $19) 29... Kf6 (29... Kg8 30. Qg3+ Kh7 31. Qc7+ Kg8 32. Qg3+ Kh7 33. Qc7+ Kg8 $11) 30. Bd4+ Kxe6 31. Qc6+ (31. Bxh8 Qf5+ 32. Kd4 Qf2+ 33. Kd3 Qe2+ 34. Kd4 Rd2+ 35. Kc3 Qe3#) 31... Bd6 32. Qd5+ (32. Bxh8 $2 Qe2+ 33. Kd4 Rd2+ 34. Kc3 Qe3#) 32... Qxd5+ 33. cxd5+ Kd7 34. Bxb2 (34. Bxh8 Rxg2 35. Ra1 Re2+ 36. Kd3 Rxh2 $14) 34... Re8+ 35. Kd3) 27... Qg6+ $17 {[%emt 0:00:14][%mdl 1024] Black has strong compensation.} 28. Kh3 Qh5+ 29. Kg3 {[%emt 0:00:03] Strongly threatening Qe4+.} Qg6+ 30. Kh3 $1 {[%emt 0:00:04] [#]} Qh5+ $2 {[%emt 0:03:55] Weighted Error Value: White=0.21 (precise) /Black=0.20 (precise) .  Loses game:     	White=1     	---        Missed win:     	---       	Black=1      Mistake:       	White=3     	Black=2      Inaccurate:     	White=1     	Black=1      OK:         	White=6     	Black=7      Best:        	White=3     	Black=6      Strong:       	White=1     	---} (30... h5 $1 $19 31. Rf4 (31. Rxa7 $2 Qg4#) 31... Bd6) 1/2-1/2

[Event "Chinese League Division-A 2024"]
[Site "Fuling Chongqing"]
[Date "2024.07.01"]
[Round "5.18"]
[White "Xu, Minghui"]
[Black "Wang, Shixu B"]
[Result "1-0"]
[ECO "A21"]
[WhiteElo "2388"]
[BlackElo "2422"]
[Annotator "TA"]
[PlyCount "77"]
[EventDate "2024.06.28"]
[EventType "team-tourn"]
[EventCountry "CHN"]
[SourceTitle "playchess.com"]
[Source "ChessBase"]
[SourceQuality "1"]
[TimeControl "40/5400+30:1800+30"]

1. c4 e5 2. g3 d6 3. Nc3 f5 4. d4 Be7 5. Nf3 e4 6. Ng1 c6 7. d5 Nf6 8. h4 {[%emt 0:06:15] Black has an edge.} Nbd7 9. Nh3 Ne5 10. b3 $1 Neg4 11. f3 Qa5 12. Qd2 exf3 (12... e3 $5 13. Qb2 cxd5 $11) 13. exf3 Ne5 14. Be2 Nh5 15. Kf2 O-O 16. Nf4 (16. dxc6 $11 bxc6 17. Kg2) 16... Nxf4 $15 17. gxf4 Ng6 18. Kg3 ({White should play} 18. h5 $15 Nxf4 19. Qxf4 Qxc3 20. Bd2) 18... Bf6 (18... Re8 $142 $1 {[%cal Og6f4] ...Nxf4! would now be deadly.} 19. b4 Qxb4) 19. Ne4 $17 Qxd2 $2 (19... Bxh4+ $1 $17 {stays on course.} 20. Rxh4 Qd8) 20. Nxf6+ $16 {[%emt 0:00:03] Black is now going downhill.} Rxf6 21. Bxd2 c5 (21... cxd5 $16 22. Bc3 (22. cxd5 Ne7 $16) 22... Re6) 22. Bc3 Rf7 23. h5 Nf8 24. h6 g6 25. Rae1 {[%emt 0:10:12] Black is weak on the dark squares} Re7 (25... Nd7 $142 26. Bd3 Nb6) 26. Bf6 $1 $18 Rf7 27. Bg5 Nd7 (27... Rd7 $142 28. Bd3 b6) 28. Bd3 Nf6 $2 {[%emt 0:00:02] [#]} (28... Kf8 29. Re6 Nb6 30. Rxd6 Bd7) 29. Bxf6 $1 {[%emt 0:00:22] White is clearly winning.} Rxf6 30. Re8+ Rf8 31. Rhe1 Bd7 {[%emt 0:06:16] [#]} 32. Rxa8 $1 ({Inferior is} 32. R8e7 Rf7 $11) 32... Rxa8 {[%emt 0:00:03][%mdl 4096] Endgame. KRB-KRB} 33. Re7 Rd8 34. Kh4 Bc8 35. Kg5 a5 36. Rg7+ Kh8 37. Kf6 Re8 38. a3 Rd8 39. Rc7 {[%emt 0:00:10] Weighted Error Value: White=0.17 (very precise) /Black=0.32.  Mistake:       	White=2     	Black=6      Inaccurate:     	White=2     	Black=2      OK:         	White=8     	Black=12     Best:        	White=2     	Black=1      Strong:       	White=3     	---} 1-0

[Event "Chinese League Division-A 2024"]
[Site "Fuling Chongqing"]
[Date "2024.07.01"]
[Round "5.19"]
[White "Xiao, Yiyi"]
[Black "Zhu, Jiner"]
[Result "0-1"]
[ECO "A46"]
[WhiteElo "2338"]
[BlackElo "2476"]
[Annotator "RC"]
[PlyCount "180"]
[EventDate "2024.06.28"]
[EventType "team-tourn"]
[EventCountry "CHN"]
[SourceTitle "playchess.com"]
[Source "ChessBase"]
[SourceQuality "1"]
[TimeControl "40/5400+30:1800+30"]

1. Nf3 Nf6 2. g3 d5 3. Bg2 e6 4. d4 b5 5. a4 b4 6. c4 bxc3 7. Nxc3 Be7 8. O-O O-O 9. Ne5 a5 10. e4 c6 11. Re1 Ba6 12. Be3 Nfd7 13. Nd3 Bxd3 14. Qxd3 Na6 15. Qe2 Qb6 16. Rac1 Bb4 17. e5 c5 18. Qg4 Rfd8 19. Bh6 g6 20. dxc5 Bxc5 21. Re2 Qb4 22. Bf4 Nf8 23. Qf3 Rac8 24. Rec2 Qb8 25. Nb5 Be7 26. Bf1 Rxc2 27. Rxc2 Nb4 28. Rc7 Rd7 29. Rc1 g5 30. Be3 Qxe5 31. Bd4 Qe4 32. Qh5 Qg6 33. Qf3 g4 34. Qd1 f6 35. Rc8 Rd8 36. Rc7 Rd7 37. Qc1 Qe8 38. Rc8 Rd8 39. Rc7 Rd7 40. Qf4 Rxc7 41. Qxg4+ Kh8 42. Nxc7 Qd7 43. Na6 Nc6 44. Bb5 Qb7 45. Bc5 Ne5 46. Qe2 Bxc5 47. Nxc5 Qe7 48. Nd3 Nfg6 49. f4 Nxd3 50. Bxd3 Nf8 51. Kg2 e5 52. fxe5 fxe5 53. Bf5 e4 54. b3 Qe5 55. g4 Ng6 56. Bxg6 hxg6 57. Qe3 Kg7 58. Qa7+ Kh6 59. Qe3+ Qg5 60. Qh3+ Kg7 61. Qc3+ Qf6 62. Qc7+ Kh6 63. Qc1+ Qg5 64. Qd1 Kh7 65. h3 Qe5 66. Qe1 d4 67. Qh4+ Kg7 68. Qd8 Qf6 69. Qxa5 e3 70. Qc7+ Kh6 71. Qg3 Qe7 72. g5+ Kg7 73. Qf4 d3 74. Kf3 e2 75. Qf6+ Qxf6+ 76. gxf6+ Kxf6 77. Kf2 Ke5 78. a5 Kd4 79. a6 Kc3 80. a7 Kd2 81. a8=Q e1=Q+ 82. Kg2 Qe2+ 83. Kg3 Qe3+ 84. Kg4 Qe6+ 85. Kg5 Ke3 86. Qg2 d2 87. Qg1+ Ke2 88. Qg2+ Kd3 89. Qf1+ Kc2 90. Qg2 Kc1 0-1

[Event "Chinese League Division-A 2024"]
[Site "Fuling Chongqing"]
[Date "2024.07.01"]
[Round "5.20"]
[White "Bai, Xue"]
[Black "Jiang, Tianyu"]
[Result "1-0"]
[ECO "B85"]
[WhiteElo "2114"]
[BlackElo "1995"]
[Annotator "TA"]
[PlyCount "122"]
[EventDate "2024.06.28"]
[EventType "team-tourn"]
[EventCountry "CHN"]
[SourceTitle "playchess.com"]
[Source "ChessBase"]
[SourceQuality "1"]
[TimeControl "40/5400+30:1800+30"]

1. e4 c5 2. Nf3 e6 3. d4 cxd4 4. Nxd4 Nc6 5. Nc3 Qc7 6. Be2 a6 7. O-O Nf6 8. Be3 Be7 9. f4 d6 10. Qe1 O-O 11. Qg3 Nxd4 12. Bxd4 b5 13. a3 Bb7 14. Rad1 Rae8 15. Kh1 Bc6 16. Bf3 {[%emt 0:03:06] The position is equal.} Rd8 17. Rfe1 Ne8 18. Qf2 (18. f5 {is interesting.} Qb7 19. Kg1 Nf6 20. Re2) 18... Rb8 {[%emt 0:07:13] Against Bb6} 19. Qd2 e5 20. Be3 Nf6 21. f5 h6 22. g4 $1 Nh7 23. Re2 Rfd8 24. Kg2 a5 25. Nd5 Bxd5 26. Qxd5 Bh4 (26... Nf6 $5 27. Qd3 $8 b4 $11) 27. Red2 Nf6 28. Qd3 Qe7 29. Qc3 {[%emt 0:03:33] [#]} (29. Kh3 $11 {might be stronger.} Nh7 30. Re2) 29... d5 30. exd5 $14 {[%emt 0:00:56][%cal Od5d6] d6! is the strong threat.} (30. Qxa5 d4 $11) 30... e4 31. Be2 {[%emt 0:00:06][%cal Od5d6] Strongly threatening d6!} b4 32. axb4 axb4 33. Qc4 Qe5 {[%emt 0:00:35] [#]} (33... Qd6 $1 $14) 34. d6 $1 $36 {[%emt 0:02:16][%mdl 2048] Black is under strong pressure.} h5 $2 {[%emt 0:00:30] This costs Black the game.} (34... Bg5 $16 35. Bxg5 hxg5) 35. Qd4 {[%emt 0:04:32] Active counter play!} (35. gxh5 Qxf5 36. Rf1 Ng4 $16) (35. g5 $142) 35... Qxd4 $18 36. Rxd4 hxg4 37. b3 Kf8 (37... Rb6 $16 {was called for.} 38. R4d2 Rc6) 38. h3 Rbc8 39. Bc4 ({And not} 39. Bxg4 Rxc2+ 40. R1d2 Rc3 $11) 39... g3 40. Bf4 {[%emt 0:00:00] A strong pair of Bishops.} Rc5 41. d7 {[%emt 0:25:02] Threatens to win with Bd6+.} (41. Bxg3 Bxg3 42. Kxg3 Rxf5 $11) 41... Rc6 42. Bd6+ (42. Bxg3 Bxg3 43. Kxg3 Ke7 $18) (42. Bb5 $142 Rxc2+ 43. R1d2) 42... Rxd6 43. Rxd6 {[%emt 0:00:02] Black must now prevent Bb5.} Nh5 44. Rf1 {[%emt 0:01:05] Against Nf4+} Ke7 $2 (44... Be7 45. Rdd1 Bc5) 45. Rd4 Nf6 46. Bb5 g6 47. fxg6 fxg6 48. Bc6 Ke6 49. Rxb4 {[%emt 0:01:18] White is clearly winning.} Ke5 50. c3 g5 51. Rb5+ Ke6 52. Re1 Nh5 53. Rxe4+ Kd6 54. Rxh4 gxh4 55. Rxh5 Kxc6 56. Rxh4 Rxd7 {[%emt 0:00:12] KR-KR} 57. Rc4+ Kb5 58. Kxg3 Rg7+ 59. Kf4 Rh7 60. Kg4 Rg7+ 61. Kf5 Rf7+ {[%emt 0:01:13] Weighted Error Value: White=0.25 (precise) /Black=0.51.  Loses game:     	---       	Black=1      Mistake:       	White=3     	Black=4      Inaccurate:     	White=3     	Black=2      OK:         	White=15    	Black=9      Best:        	White=2     	Black=4      Strong:       	White=2     	---} 1-0

[Event "Chinese League Division-A 2024"]
[Site "Fuling Chongqing"]
[Date "2024.07.01"]
[Round "5.21"]
[White "Bu, Xiangzhi"]
[Black "Jiang, Haochen"]
[Result "1/2-1/2"]
[ECO "D02"]
[WhiteElo "2689"]
[BlackElo "2290"]
[Annotator "TA"]
[PlyCount "105"]
[EventDate "2024.06.28"]
[EventType "team-tourn"]
[EventCountry "CHN"]
[SourceTitle "playchess.com"]
[Source "ChessBase"]
[SourceQuality "1"]
[TimeControl "40/5400+30:1800+30"]

1. Nf3 Nf6 2. g3 d5 3. Bg2 c5 4. O-O Nc6 5. d4 cxd4 6. Nxd4 e5 7. Nxc6 bxc6 8. c4 Be6 9. Nc3 Qd7 10. Qa4 Rc8 11. cxd5 {[%emt 0:01:51] White is slightly better.} cxd5 12. Qxd7+ Kxd7 13. Rd1 Bc5 14. Nxd5 (14. Bxd5 Nxd5 15. e4 (15. Nxd5 Bxd5 16. Rxd5+ Ke6 $14) 15... Bd4 16. exd5 Bg4 $15) 14... Nxd5 15. Bxd5 Bxd5 16. Rxd5+ Ke6 17. Rd2 Rhd8 18. Kf1 Bb6 19. Rxd8 Rxd8 20. Be3 Bxe3 21. fxe3 $11 {[%emt 0:00:11][%mdl 4096] Endgame. KR-KR} Rc8 {[%emt 0:01:24] Repels Rc1} 22. Ke1 Kf5 23. Rd1 {[%emt 0:03:22] Rd7 is the strong threat.} Ke4 $1 24. Rd3 Rc1+ 25. Kf2 Rh1 26. h4 Rh2+ 27. Kf1 Rh1+ $1 28. Kg2 Rb1 29. Rb3 h5 30. Kf2 a5 {[%emt 0:00:23] Prevents Rb4+} 31. Rb7 f6 32. Rxg7 {[%emt 0:02:08] Ra7 would now be deadly.} Rxb2 33. a4 Rb4 34. Rh7 Rxa4 35. Rxh5 Ra1 36. Rh6 Kf5 {[%emt 0:02:35] [#]} 37. e4+ $1 Ke6 38. Rh7 $1 a4 39. Ra7 a3 {[%emt 0:02:03] [#]} 40. Kg2 $1 {[%emt 0:00:00] And now h5 would win. White is more active.} Ra2 (40... Re1 $16) 41. Kf3 $18 Ra1 42. Kf2 Kd6 {[%emt 0:03:47] [#]} 43. Ra5 ({Only move:} 43. g4 $1 $18) 43... a2 $11 {[%emt 0:11:26] The position is equal.} 44. Kg2 {[%emt 0:13:45] Threatens to win with Ra7.} Ke7 45. Ra7+ Kf8 46. h5 Kg8 47. Ra6 Kg7 48. g4 Kh7 49. Ra7+ (49. Rxf6 $2 {loses.} Re1 (49... Rg1+ $2 50. Kxg1 a1=Q+ 51. Kf2 $19) 50. Ra6 a1=Q (50... a1=B 51. Kf2 $11) (50... a1=R $2 51. Re6 $19) 51. Rxa1 Rxa1 $19) 49... Kg8 50. h6 Kh8 51. h7 Rc1 52. Rxa2 {[%emt 0:00:06] Strongly threatening Ra6.} Kxh7 53. Kf3 {[%emt 0:00:22] Weighted Error Value: White=0.09 (flawless) /Black=0.06 (flawless) .  Missed win:     	White=1     	---        Mistake:       	---       	Black=1      Inaccurate:     	---       	Black=1      OK:         	White=23    	Black=17     Best:        	White=3     	Black=6      Strong:       	White=2     	Black=2      Brilliant:      	White=1     	---} 1/2-1/2

[Event "Chinese League Division-A 2024"]
[Site "Fuling Chongqing"]
[Date "2024.07.01"]
[Round "5.22"]
[White "Wang, Zihang"]
[Black "Liu, Yan"]
[Result "0-1"]
[ECO "B51"]
[WhiteElo "2028"]
[BlackElo "2573"]
[Annotator "TA"]
[PlyCount "106"]
[EventDate "2024.06.28"]
[EventType "team-tourn"]
[EventCountry "CHN"]
[SourceTitle "playchess.com"]
[Source "ChessBase"]
[SourceQuality "1"]
[TimeControl "40/5400+30:1800+30"]

1. e4 c5 2. Nf3 d6 3. Bb5+ Nd7 4. d4 cxd4 5. Qxd4 a6 6. Bxd7+ Bxd7 7. Nc3 e5 8. Qd3 h6 9. Nd2 Rc8 10. Nc4 {[%emt 0:01:36] White is slightly better.} Be6 11. Ne3 Qc7 12. O-O Nf6 13. a4 Be7 14. Rd1 O-O 15. a5 Rfe8 16. Bd2 Bc4 17. Nxc4 Qxc4 18. Be1 Qxd3 19. Rxd3 Nd7 20. f3 g6 21. Bf2 f5 22. Rd2 Nf6 23. Ra4 fxe4 24. fxe4 Kf7 25. h3 Rc7 26. Bb6 Rc6 27. Rf2 Rec8 28. Be3 Rc4 29. Rxc4 Rxc4 30. Bxh6 Ke6 31. Re2 $2 {[%emt 0:00:50] [#] This costs White the game.} (31. Rf3 $11 {and White has nothing to worry.}) 31... Bd8 $1 $19 32. Bg5 Bxa5 33. Bxf6 Bxc3 $17 {[%emt 0:00:10][%mdl 4096] Endgame. KRB-KRB} ({Worse is} 33... Kxf6 34. Nd5+ Ke6 35. Kf2 $11) 34. b3 Rc8 35. Bg5 b5 36. Bc1 (36. Kf1 {was necessary.}) 36... a5 $19 37. Ba3 $2 (37. Kf2) 37... Bd4+ 38. Kh2 b4 39. Bc1 {[%emt 0:00:17] [#]} a4 $1 40. bxa4 b3 41. c3 $2 (41. h4) 41... Rxc3 42. Bb2 Re3 $2 (42... Rc2 43. Rxc2 bxc2) 43. Rd2 (43. Rxe3 Bxe3 44. Kg3) 43... Rxe4 {[%emt 0:00:20] Hoping for ...Bxb2.} 44. a5 Kd7 {[%emt 0:07:46] Threatens to win with ...Bxb2.} 45. g4 Kc6 46. Kg3 Bxb2 47. Rxb2 {[%emt 0:00:06] KR-KR} Rb4 48. h4 Kb5 49. h5 gxh5 50. gxh5 Kxa5 {[%emt 0:01:15] ( -> ...Ka4)} 51. h6 Rb8 {[%emt 0:02:05] Black mates.} 52. Kg4 Ka4 53. Kg5 Ka3 {[%emt 0:00:08] Weighted Error Value: White=0.97/Black=0.13 (very precise) .  Loses game:     	White=1     	---        Mistake:       	White=3     	---        Inaccurate:     	White=3     	---        OK:         	White=15    	Black=13     Best:        	White=2     	Black=2      Strong:       	---       	Black=1      Brilliant:      	---       	Black=1} 0-1

[Event "Chinese League Division-A 2024"]
[Site "Fuling Chongqing"]
[Date "2024.07.01"]
[Round "5.23"]
[White "Wang, Chen"]
[Black "Xu, Pengmo"]
[Result "1-0"]
[ECO "D11"]
[WhiteElo "2490"]
[BlackElo "1834"]
[Annotator "TA"]
[PlyCount "73"]
[EventDate "2024.06.28"]
[EventType "team-tourn"]
[EventCountry "CHN"]
[SourceTitle "playchess.com"]
[Source "ChessBase"]
[SourceQuality "1"]
[TimeControl "40/5400+30:1800+30"]

1. d4 d5 2. g3 Nf6 3. Bg2 c6 4. Nf3 Bf5 5. O-O h6 6. c4 e6 7. Nc3 Be7 8. Qb3 Qb6 9. c5 Qa6 10. Nd2 Nbd7 11. Re1 b6 {[%emt 0:02:22] The position is equal.} 12. e4 dxe4 13. cxb6 axb6 14. Ndxe4 Nxe4 15. Nxe4 O-O 16. Bf4 Rfc8 17. Nc3 Bf8 18. Rac1 g5 19. Be3 Nf6 20. a3 Bd3 21. Qd1 Rab8 {[%emt 0:02:45] [#]} (21... Bg6 $11 {keeps the balance.}) 22. h4 $1 $16 gxh4 23. Bf4 hxg3 $1 24. Bxb8 ({White should try} 24. Bxg3 $16 Ra8 25. Be5) 24... gxf2+ $11 25. Kxf2 Rxb8 26. Bxc6 Bg7 {[%emt 0:02:22] A strong pair of Bishops.} 27. Qf3 Rd8 28. d5 exd5 29. Nxd5 Nxd5 30. Bxd5 Qb5 $1 31. Bxf7+ Kh8 (31... Kh7 $1 $11) 32. Rcd1 $1 $14 {[%emt 0:02:12][%cal Od1d3] [#] And now Rxd3! would win.} Qxb2+ 33. Kg1 Bd4+ 34. Kh1 {[%emt 0:00:02] Chess con chili.} Bh7 (34... Qf2 $14 35. Qh5 Bg7) 35. Re2 $18 {[%emt 0:00:37] White is clearly winning.} Bc2 36. Qc6 Qxa3 37. Rxc2 {[%emt 0:01:06] Weighted Error Value: White=0.11 (very precise) /Black=0.19 (very precise) .  Loses game:     	---       	Black=1      Mistake:       	White=1     	Black=2      Inaccurate:     	White=1     	Black=2      OK:         	White=7     	Black=6      Best:        	White=3     	Black=1      Strong:       	White=2     	Black=2} 1-0

[Event "Chinese League Division-A 2024"]
[Site "Fuling Chongqing"]
[Date "2024.07.01"]
[Round "5.24"]
[White "Du, Yuxin"]
[Black "Huang, Qian"]
[Result "1-0"]
[ECO "B30"]
[WhiteElo "1960"]
[BlackElo "2396"]
[Annotator "RC"]
[PlyCount "111"]
[EventDate "2024.06.28"]
[EventType "team-tourn"]
[EventCountry "CHN"]
[SourceTitle "playchess.com"]
[Source "ChessBase"]
[SourceQuality "1"]
[TimeControl "40/5400+30:1800+30"]

1. e4 c5 2. Nf3 Nc6 3. Bb5 e6 4. Bxc6 bxc6 5. O-O Ne7 6. Re1 Ng6 7. e5 f6 8. d3 Qc7 9. h4 Be7 10. Nc3 Nxe5 11. Nxe5 fxe5 12. Qh5+ g6 13. Qxe5 Qxe5 14. Rxe5 Bxh4 15. Rxc5 Be7 16. Ra5 Bd8 17. Ra4 d6 18. Be3 a5 19. Ne4 Bc7 20. b4 Ba6 21. bxa5 Kd7 22. c4 c5 23. Rb1 Kc6 24. Bd2 h6 25. Ra3 Bc8 26. Rab3 g5 27. Bc3 Rf8 28. Bg7 Rf7 29. Bxh6 Rxa5 30. Bxg5 Rxa2 31. Be3 Bd7 32. R3b2 Rxb2 33. Rxb2 Rf8 34. Ra2 Bb6 35. g4 d5 36. Ng3 e5 37. cxd5+ Kxd5 38. g5 Kc6 39. Ne4 Bf5 40. Rc2 Bxe4 41. dxe4 Kb5 42. Rd2 Kc6 43. Rc2 Kb5 44. Kg2 Rc8 45. Rb2+ Kc6 46. Kg3 Bd8 47. Kg4 c4 48. Kf5 c3 49. Rc2 Kd6 50. Bc1 Rc6 51. f3 Bc7 52. Ba3+ Kd7 53. Bb4 Rc4 54. Bxc3 Ke8 55. Rc1 Bd6 56. Bb2 1-0